 Dungeon Crawl Stone Soup version 0.25.1-2-g60ff931df9 (webtiles) character file.

Game seed: 17161387076834942788

2153 DogServant the Archer (level 9, -1/77 HPs)
             Began as a Minotaur Hunter on Oct 14, 2020.
             Was a Follower of Okawaru.
             Slain by Joseph
             ... wielding a +1 quarterstaff of draining
              (9 damage)
             ... on level 9 of the Dungeon.
             The game lasted 00:14:56 (7769 turns).

DogServant the Archer (Minotaur Hunter)             Turns: 7769, Time: 00:14:57

Health: -1/77      AC:  4    Str: 19    XL:     9   Next: 10%
Magic:  8/8        EV:  8    Int: 12    God:    Okawaru [*.....]
Gold:   475        SH:  0    Dex: 18    Spells: 8/8 levels left

rFire    + . .     SeeInvis .   F - +9 great sword "Arcanum" {vamp, rPois rF+ Int+4}
rCold    . . .     Gourm    .   (shield currently unavailable)
rNeg     . . .     Faith    .   r - +2 chain mail {MR+}
rPois    +         Spirit   .   (helmet restricted)
rElec    .         Reflect  .   E - +0 cloak
rCorr    .         Harm     .   w - +0 pair of gloves
MR       ++...                  (no boots)
Stlth    ..........             (no amulet)
HPRegen  0.22/turn              G - ring of protection from magic
MPRegen  0.11/turn              p - +6 ring of dexterity

@: corroded, very heavily drained
A: retaliatory headbutt, horns 2
a: Heroism, Renounce Religion


You were on level 9 of the Dungeon.
You worshipped Okawaru.
Okawaru was aware of your devotion.
You were not hungry.

You visited 2 branches of the dungeon, and saw 10 of its levels.

You collected 475 gold pieces.

Inventory:

Hand Weapons
 a - a +2 shortbow
 F - the +9 great sword "Arcanum" (weapon) {vamp, rPois rF+ Int+4}
   (You found it on level 7 of the Dungeon)

   It inflicts no extra harm, but heals its wielder when it wounds a living foe.
   It affects your intelligence (+4).
   It protects you from fire.
   It protects you from poison.
Missiles
 d - 114 arrows
 m - 46 poisoned darts (quivered)
Armour
 r - a +2 chain mail of magic resistance (worn)
 w - a +0 pair of gloves (worn)
 x - a +0 plate armour
 E - a +0 cloak (worn)
Jewellery
 e - a +4 ring of protection
 p - a +6 ring of dexterity (right hand)
 G - a ring of protection from magic (left hand)
Wands
 u - a wand of polymorph (5)
 v - a wand of random effects (31)
 B - a wand of digging (6)
 C - a wand of iceblast (7)
Scrolls
 c - a scroll of enchant armour
 g - a scroll of amnesia
 h - a scroll of fear
 i - 3 scrolls of magic mapping
 k - 3 scrolls of remove curse
 l - a scroll of teleportation
 n - 5 scrolls of identify
 s - a scroll of fog {unknown}
 y - a scroll of enchant weapon
Potions
 b - 2 potions of heal wounds
 j - 2 potions of mutation
 o - 2 potions of lignification
 q - 4 potions of stabbing
 z - a potion of curing
 A - a potion of brilliance
 D - a potion of berserk rage {unknown}
Comestibles
 f - 12 rations
 t - 6 chunks of flesh


   Skills:
 - Level 6.3(2.7) Fighting
 - Level 4.0(0.6) Long Blades
   Level 4.7(1.2) Axes
 + Level 9.2(5.4) Bows
 - Level 4.0(0.6) Armour
 + Level 5.6(2.1) Dodging
 - Level 0.7(0.0) Stealth


You had 8 spell levels left.
You didn't know any spells.
Your spell library contained the following spells:

 Spells                   Type           Power        Failure   Level  Hunger
 Magic Dart               Conj           #...         99%         1    ##.....
 Blink                    Tloc           N/A          100%        2    ###....
 Call Imp                 Summ           #.......     100%        2    ###....
 Slow                     Hex            #.......     100%        2    ###....
 Conjure Flame            Conj/Fire      #.......     100%        3    ####...
 Mephitic Cloud           Conj/Pois/Air  #.......     100%        3    ####...


Dungeon Overview and Level Annotations

Branches:
Dungeon (9/15)             Temple (1/1) D:4
   Lair: D:8-11         Orc: D:9-12

Altars:
Ashenzari
Cheibriados
Dithmenos
Elyvilon
Fedhas
Gozag
Hepliaklqana
Kikubaaqudgha
Makhleb
Nemelex Xobeh
Okawaru
Qazlal
Ru
Sif Muna
Trog
Uskayaw
Vehumet
Wu Jian
Xom
Yredelemnul
Zin
The Shining One

Shops:
D:5 (*%   D:8 (

Annotations:
D:5 1 runed translucent door, TangoThomas's ghost, novice BaAK
D:7 3 runed translucent doors, Thomus's ghost, novice DECj
D:8 Gastronok
D:9 Joseph


Innate Abilities, Weirdness & Mutations

You reflexively headbutt those who attack you in melee.
You have a pair of horns on your head.


Message History

Joseph is severely wounded.
Joseph barely misses you. You furiously retaliate!
You headbutt Joseph, but do no damage.
Joseph zaps a wand.
The bolt of acid hits you! The acid corrodes you!
You are splashed with acid!
* * * LOW HITPOINT WARNING * * *
You feel much better.
Joseph hits you with a +1 quarterstaff of draining.
You feel drained.
You hit Joseph.
You feel better.
Your headbutt misses Joseph.
Joseph is severely wounded.
Joseph hits you with a +1 quarterstaff of draining.
You feel drained.
You hit Joseph but do no damage. Your headbutt misses Joseph.
Joseph is severely wounded.
Joseph hits you with a +1 quarterstaff of draining!!
* * * LOW HITPOINT WARNING * * *
You feel drained.
* * * LOW HITPOINT WARNING * * *
Joseph hits you with a +1 quarterstaff of draining!
You die...

###########
#.$.......#
#.....$...#
#.........#
#...@@..(.##
##≈≈.≈≈##.(##
#≈#+#≈###..##
# #≈. ##..##
#≈#.###..#
≈≈#.. ##.##
####.# #..#
##.####.##
.###...#
#..###...


You could see Joseph.

Vanquished Creatures
  Pikel (D:4)
  An orc warrior (D:8)
  A sky beast (D:6)
  A black bear (D:9)
  A slave (D:4)
  An ogre (D:8)
  A centaur (D:5)
  A bullfrog (D:7)
  A wyvern zombie (D:8)
  A scorpion (D:6)
  3 killer bees (D:8)
  2 crimson imps (D:6)
  A jelly (D:8)
  2 bullfrog skeletons
  4 orc priests
  2 hounds (D:5)
  2 centaur skeletons
  Ijyb (D:5)
  3 orc wizards
  4 worker ants
  A hound zombie (D:7)
  4 gnolls (D:6)
  A howler monkey skeleton (D:5)
  14 adders
  A shadow imp (D:8)
  An ooze (D:1)
  An adder zombie (D:8)
  2 adder skeletons
  A worm (D:3)
  15 dart slugs
  6 leopard geckos
  24 orcs
  13 bats
  5 giant cockroaches
  8 goblins
  3 hobgoblins
  5 jackals
  4 quokkas
  7 frilled lizards
  9 kobolds
  A leopard gecko skeleton (D:5)
  A quokka skeleton (D:5)
  A quokka zombie (D:6)
  4 rats
  A spectral orc (D:5)
167 creatures vanquished.

Notes
Turn   | Place    | Note
-------+----------+-------------------------------------------
     0 | D:1      | DogServant the Minotaur Hunter began the quest for the Orb.
     0 | D:1      | Reached XP level 1. HP: 18/18 MP: 0/0
   204 | D:1      | Reached XP level 2. HP: 23/26 MP: 1/1
   449 | D:1      | Reached skill level 5 in Bows
   449 | D:1      | Reached XP level 3. HP: 21/31 MP: 2/2
  1439 | D:2      | Reached XP level 4. HP: 40/40 MP: 3/3
  2294 | D:3      | Reached XP level 5. HP: 47/47 MP: 4/4
  2299 | D:3      | Reached skill level 5 in Fighting
  2299 | D:3      | Reached skill level 6 in Bows
  2675 | D:3      | Reached skill level 1 in Axes
  2675 | D:3      | Reached skill level 1 in Armour
  3153 | D:3      | Found a faded altar of an unknown god.
  3239 | D:4      | HP: 2/72 [poisoned by an orc wizard]
  3243 | D:4      | Reached XP level 6. HP: 27/56 MP: 5/5
  3642 | D:4      | Found a staircase to the Ecumenical Temple.
  3656 | Temple   | Entered the Ecumenical Temple
  4031 | D:4      | Noticed a slave
  4033 | D:4      | Noticed Pikel
  4034 | D:4      | Noticed a slave
  4042 | D:4      | Noticed a slave
  4048 | D:4      | Noticed a slave
  4054 | D:4      | Killed a slave
  4063 | D:4      | Killed Pikel
  4063 | D:4      | Reached skill level 7 in Bows
  4063 | D:4      | Reached XP level 7. HP: 47/61 MP: 6/6
  4455 | D:5      | Entered Level 5 of the Dungeon
  4634 | D:5      | Found Giedasm's Antique Weapon Shoppe.
  4726 | D:5      | Found Faxit's Assorted Antiques.
  4877 | D:5      | Noticed Ijyb
  4885 | D:5      | Killed Ijyb
  4977 | D:5      | Reached skill level 8 in Bows
  4981 | D:5      | Noticed TangoThomas's ghost (novice BaAK)
  4985 | D:5      | Found a runed translucent door.
  5005 | D:5      | Found a basalt altar of Yredelemnul.
  5112 | D:5      | Reached XP level 8. HP: 69/69 MP: 7/7
  5163 | D:5      | Found Peicin's Food Shop.
  5269 | D:5      | Found an ancient bone altar of Kikubaaqudgha.
  5511 | D:6      | Found a glowing golden altar of the Shining One.
  5785 | D:6      | Found an ornate altar of the Wu Jian Council.
  6095 | D:7      | Found a runed translucent gate.
  6096 | D:7      | Found a runed translucent gate.
  6110 | D:7      | Found a runed translucent gate.
  6110 | D:7      | Noticed a centaur warrior
  6143 | D:7      | Noticed Thomus's ghost (novice DECj)
  6339 | D:7      | Got a translucent great sword
  6340 | D:7      | Identified the +9 great sword "Arcanum" {vamp, rPois rF+
                  | Int+4} (You found it on level 7 of the Dungeon)
  6529 | D:8      | Noticed a two-headed ogre
  6722 | D:8      | Reached skill level 1 in Long Blades
  7202 | D:8      | Found an iron altar of Okawaru.
  7212 | D:8      | Became a worshipper of Warmaster Okawaru
  7360 | D:8      | Reached skill level 9 in Bows
  7360 | D:8      | Reached skill level 5 in Dodging
  7464 | D:8      | Found Firheogo's Weapon Boutique.
  7489 | D:8      | Noticed Gastronok
  7503 | D:8      | Reached XP level 9. HP: 57/77 MP: 8/8
  7687 | D:9      | Reached * piety under Okawaru
  7689 | D:9      | Found a shadowy altar of Dithmenos.
  7753 | D:9      | Noticed Joseph
  7769 | D:9      | Slain by Joseph

Illustrated notes

Levels and vault maps discovered:
D:1:      lightli_arrival_chessboard, layout_loops_ring
D:2:      layout_basic, serial_glass, glass_columns_a, glass_columns_a,
          glass_columns_b, glass_columns_b, glass_columns_a, glass_columns_a,
          glass_columns_c, glass_columns_c
D:3:      layout_basic, chequers_ecumenical_altar_grove, minmay_crystal_room
D:4:      layout_loops_ring, minmay_temple_entry_trees, first_ration, uniq_pikel
D:5:      kennysheep_slugbush, layout_basic,
          yredelemnul_forgotten_temple_becter, kiku_gazebo_pond_becter,
          hellmonk_ghost_happy_afterlife, serial_shops, shop, shop, shop,
          uniq_ijyb
D:6:      layout_basic, marbit_many_paths, tso_metal_star
D:7:      layout_rooms, gammafunk_ghost_split
D:8:      layout_cave_pools, lemuel_round_altar, serial_shops, shop,
          uniq_gastronok
D:9:      layout_rooms, basic_altar, ebering_ghost_rock_garden, serial_shops,
          kennysheep_mini_moat, blue_anna_alchemist [blue_anna_fruit_fields,
          blue_anna_fruit_fields], uniq_joseph
Temple:   dpeg_five_rooms_temple

Skill      XL: |  1  2  3  4  5  6  7  8 |
---------------+-------------------------+-----
Fighting       | 3 4 5 6 |  6.3
Bows           | 5 6 7 8 9 |  9.2
Axes           | 1 4 |  4.7
Armour         | 1 4 |  4.0
Dodging        | 3 5 |  5.6
Long Blades    | 4 |  4.0
Stealth        | |  0.7

Action                   |  1- 3 |  4- 6 |  7- 9 || total
-------------------------+-------+-------+-------++-------
Melee: Short sword       |    99 |    12 |       ||   111
       Headbutt          |    16 |    13 |    26 ||    55
       Falchion          |       |    29 |       ||    29
       Hand axe          |       |    96 |    61 ||   157
       Great sword       |       |       |    33 ||    33
       War axe           |       |       |     7 ||     7
 Fire: Shortbow          |     2 |    19 |   157 ||   178
  Use: Potion            |       |     9 |     3 ||    12
       Scroll            |       |     1 |    11 ||    12
  Eat: Chunk             |     2 |     5 |     8 ||    15
       Ration            |       |     1 |     1 ||     2
Armor: Leather armour    |    21 |     1 |       ||    22
       Chain mail        |       |   108 |    85 ||   193
       Skin              |       |     2 |       ||     2
Dodge: Dodged            |    75 |    64 |    86 ||   225
       Rpst.: Falchion   |       |     4 |       ||     4
       Great sword       |       |       |     4 ||     4
